 Dungeon Crawl Stone Soup version 0.18-a0-1121-gb454403 (webtiles) character file.

14 ThermosAquaticus the Ruffian (level 2, 0/29 HPs)
             Began as a Troll Abyssal Knight on Jan 18, 2016.
             Succumbed to a goblin's poison
             ... on level 1 of the Dungeon.
             The game lasted 00:03:28 (553 turns).

ThermosAquaticus the Ruffian (Troll Abyssal Knight)  Turns: 553, Time: 00:03:29

Health: 0/29       AC:  5    Str: 19    XL:     2   Next: 27%
Magic:  2/2        EV: 10    Int:  8    God:
Gold:   68         SH:  0    Dex:  9    Spells: 0 memorised, 1 level left

rFire  . . .     SeeInvis .       - Unarmed
rCold  . . .     Gourm    +     c - +0 robe (curse)
rNeg   . . .     Faith    .     (no shield)
rPois  .         Spirit   .     (helmet restricted)
rElec  .         Dismiss  .     (no cloak)
rCorr  .         Reflect  .     (gloves unavailable)
SustAt .         Harm     .     (boots unavailable)
MR     .....                    (no amulet)
Stlth  +.........               (no ring)
                                (no ring)

@: lethally poisoned (0 -> -7), flying, not resistant to hostile enchantments,
very unstealthy
A: unfitting armour, claws 3, fast metabolism 3, gourmand, regeneration 2,
shaggy fur 1, tough skin 2
a: no special abilities


You were on level 1 of the Dungeon.
You were full.

You visited 1 branch of the dungeon, and saw 2 of its levels.
You visited the Abyss 1 time.

You collected 68 gold pieces.

Inventory:

Missiles
 g - 16 poisoned needles
Armour
 a - a +0 robe
 c - a cursed +0 robe (worn)
Jewellery
 e - an uncursed ring of poison resistance {unknown}
Scrolls
 d - 2 scrolls of identify {unknown}
 h - 3 scrolls of random uselessness {unknown}
 i - 2 scrolls of remove curse {unknown}
 k - a scroll of enchant weapon {unknown}
 l - a scroll of amnesia {unknown}
Potions
 f - a potion of heal wounds {unknown}
 m - a potion of flight
Comestibles
 b - 2 bread rations
 j - a slice of pizza


   Skills:
 - Level 2.4 Fighting
 - Level 1.9 Dodging
 + Level 3.0 Unarmed Combat
   Level 1.5 Invocations


You had one spell level left.
You didn't know any spells.

Dungeon Overview and Level Annotations

Branches:
Dungeon (2/15)

Altars:

Annotations:
D:2 Robin


Innate Abilities, Weirdness & Mutations

You are too large for most types of armour.
You have claws for hands.
Your metabolism is lightning-fast.
You like to eat raw meat.
You heal very quickly.
You are covered in fur (AC +1).
You have very tough skin (AC +2).


Message History

Your Unarmed Combat skill increases to level 3!
You feel sick.
The hobgoblin hits you but does no damage.
The goblin closely misses you.
You feel sick. The hobgoblin hits you.
* * * LOW HITPOINT WARNING * * *
The hobgoblin hits you with a club.
* * * LOW HITPOINT WARNING * * *
Things that are here:
a dagger of venom; a dagger; a goblin corpse
* * * LOW HITPOINT WARNING * * *
You feel sick. The hobgoblin closely misses you.
Unknown command.
* * * LOW HITPOINT WARNING * * *
You feel sick.
Drink which item? (? for menu, Esc to quit)
It was a potion of flight.
You feel very buoyant.
You fly up into the air.
You die...

## ### ..# #####
#.#######...# #.
#..........# #.
#..#####...### ###.#
##.## #......#
......###.## #......#
..##.....#######.#.##.#
.....#........##@#.##.#
. #..........##g#.##.#
#####.#.......##gg....#
..##..........##>.#...#
...#..#..)....##.###.##
......#.......##..#.##
...#.##.......###..#
..##.########## #.##
.###.# #.#


You could see 2 hobgoblins and a goblin (frenzied).

Vanquished Creatures
  A giant gecko (D:1)
  A bat (D:1)
  A giant cockroach (D:1)
  4 goblins (D:1)
  2 hobgoblins
  A kobold (D:1)
10 creatures vanquished.

Notes
Turn   | Place    | Note
--------------------------------------------------------------
     0 | Abyss:1  | ThermosAquaticus the Troll Abyssal Knight began the quest for the Orb.
     0 | Abyss:1  | Reached XP level 1. HP: 22/22 MP: 1/1
     9 | D:1      | Escaped the Abyss
    10 | D:1      | Fell from the grace of Lugonu
   240 | D:1      | Noticed a small abomination
   411 | D:1      | Reached XP level 2. HP: 29/29 MP: 2/2
   504 | D:2      | Noticed Robin
   549 | D:1      | Reached skill level 3 in Unarmed Combat
   552 | D:1      | HP: 1/29 [poisoned by a goblin]
   553 | D:1      | Succumbed to a goblin's poison

Vault maps used:
D:1:      dpeg_arrival_ratfight
D:2:      serial_curves, eino_curves_02, eino_curves_03, uniq_natasha,
          uniq_robin

Action                   || total
-------------------------++-------
Melee: Unarmed           ||    33
Invok: Renounce Religion ||     1
  Use: Potion            ||     1
  Eat: Chunk             ||     7
